 Dungeon Crawl Stone Soup version 0.19.1-1-g22dce08 (webtiles) character file.

121 esteth the Chopper (level 4, 0/40 HPs)
             Began as a Minotaur Berserker on Jan 2, 2017.
             Was a Believer of Trog.
             Slain by a gnoll
             ... wielding a +0 whip
              (6 damage)
             ... on level 4 of the Dungeon.
             The game lasted 00:05:27 (1732 turns).

esteth the Chopper (Minotaur Berserker)             Turns: 1732, Time: 00:05:28

Health: 0/40       AC:  5    Str: 23    XL:     4   Next: 76%
Magic:  3/3        EV: 11    Int:  4    God:    Trog [**....]
Gold:   102        SH:  0    Dex:  9    Spells: 0 memorised, 3 levels left

rFire  . . .     SeeInvis .     a - +0 hand axe
rCold  . . .     Gourm    .     m - +0 ring mail
rNeg   . . .     Faith    .     (no shield)
rPois  .         Spirit   .     (helmet restricted)
rElec  .         Reflect  .     (no cloak)
rCorr  .         Harm     .     (no gloves)
MR     ++...                    (no boots)
Stlth  ..........               (no amulet)
                                (no ring)
                                (no ring)

@: regenerating
A: retaliatory headbutt, horns 2
a: Berserk, Trog's Hand, Burn Spellbooks, Renounce Religion


You were on level 4 of the Dungeon.
You worshipped Trog.
Trog was pleased with you.
You were not hungry.

You visited 1 branch of the dungeon, and saw 4 of its levels.

You collected 102 gold pieces.

Inventory:

Hand Weapons
 a - a +0 hand axe (weapon)
Armour
 b - a +0 animal skin
 m - a +0 ring mail (worn)
Scrolls
 h - 4 scrolls of identify {unknown}
 i - 2 scrolls of teleportation {unknown}
 j - 2 scrolls of fog {unknown}
 k - a scroll of amnesia {unknown}
 l - 3 scrolls of remove curse {unknown}
 p - a scroll of enchant weapon {unknown}
 r - a scroll of noise {unknown}
Potions
 e - a potion of flight {unknown}
 f - a potion of heal wounds {unknown}
 n - a potion of brilliance {unknown}
 o - a potion of curing {unknown}
 q - a potion of might {unknown}
 s - a potion of degeneration {unknown}
 t - a potion of invisibility {unknown}
Comestibles
 c - a bread ration
 d - 6 chunks of flesh
 g - a beef jerky
 u - a slice of pizza


   Skills:
 - Level 3.7 Fighting
 + Level 6.4 Axes
 - Level 2.6 Armour
 - Level 2.3 Dodging


You had 3 spell levels left.
You didn't know any spells.

Dungeon Overview and Level Annotations

Branches:
Dungeon (4/15)
 Temple: D:4-7

Altars:
Makhleb
Qazlal

Annotations:
D:3 Joat's ghost, amateur DrTm


Innate Abilities, Weirdness & Mutations

You reflexively headbutt those who attack you in melee.
You have a pair of horns on your head.


Message History

You feel resistant to hostile enchantments.
You feel somewhat more hungry. The gnoll hits you with a whip.
* * * LOW HITPOINT WARNING * * *
You closely miss the gnoll. You headbutt the gnoll.
The gnoll is lightly wounded.
The gnoll hits you with a whip.
* * * LOW HITPOINT WARNING * * *
You hit the gnoll.
The gnoll is heavily wounded.
The gnoll hits you with a whip.
* * * LOW HITPOINT WARNING * * *
You hit the gnoll but do no damage.
The gnoll is heavily wounded.
The gnoll hits you with a whip!
* * * LOW HITPOINT WARNING * * *
You hit the gnoll.
The gnoll is almost dead.
You feel the effects of Trog's Hand fading.
The gnoll hits you with a whip.
You die...

#### ..# #.# #@#
#g# #.# ####.#
#....#
#############.####
............#.#
#<#######.###.#
...# #.....#


You could see a gnoll.

Vanquished Creatures
  Terence (D:3)
  3 adders
  2 oozes (D:1)
  A worm (D:3)
  3 leopard geckos
  A giant cockroach (D:1)
  12 goblins
  6 hobgoblins
  3 jackals (D:3)
  6 kobolds
  2 quokkas (D:2)
  6 bats
  2 frilled lizards (D:2)
  4 rats
52 creatures vanquished.

Notes
Turn   | Place    | Note
-------+----------+-------------------------------------------
     0 | D:1      | esteth the Minotaur Berserker began the quest for the Orb.
     0 | D:1      | Reached XP level 1. HP: 19/19 MP: 0/0
    43 | D:1      | Reached skill level 4 in Axes
    43 | D:1      | Reached XP level 2. HP: 22/27 MP: 1/1
   292 | D:1      | Reached XP level 3. HP: 30/33 MP: 2/2
   597 | D:2      | Reached ** piety under Trog
   597 | D:2      | Reached skill level 5 in Axes
   894 | D:2      | Found a burning altar of Makhleb.
  1148 | D:2      | Reached XP level 4. HP: 40/40 MP: 3/3
  1153 | D:2      | Found a stormy altar of Qazlal.
  1381 | D:3      | Reached skill level 6 in Axes
  1640 | D:3      | Noticed Terence
  1646 | D:3      | Killed Terence
  1682 | D:3      | Noticed Joat's ghost (amateur DrTm)
  1706 | D:3      | HP: 1/40 [Joat's ghost (5)]
  1732 | D:4      | Slain by a gnoll

Skill      XL: |  1  2  3  4 |
---------------+-------------+-----
Axes           | 4 5 6 |  6.4
Fighting       | |  3.7
Armour         | |  2.6
Dodging        | |  2.3

Action                   |  1- 3 |  4- 6 || total
-------------------------+-------+-------++-------
Melee: Hand axe          |    83 |    46 ||   129
       Headbutt          |    10 |     4 ||    14
Invok: Trog's Hand       |       |     2 ||     2
  Use: Potion            |     1 |       ||     1
  Eat: Chunk             |     1 |     2 ||     3
Armor: Animal skin       |     8 |       ||     8
       Ring mail         |    16 |    11 ||    27
Dodge: Dodged            |    67 |    24 ||    91
